[Event "Titled Tuesday Blitz February 14 Early 2023"]
[White "Balabayeva, Xeniya"]
[Black "Broca Jimenez, Fernando"]
[WhiteFideId "13719688"]
[BlackFideId "5104742"]
[WhiteElo "2191"]
[BlackElo "2075"]
[Result "1-0"]
[Round "04"]
[TimeControl "180+2"]
[Date "2023.02.15"]
[WhiteClock "0:00:14"]
[BlackClock "0:00:02"]

1. e4 c5 2. Nf3 g6 3. g3 Bg7 4. Bg2 Nc6 5. c3 Nf6 6. Qe2 d6 7. O-O O-O 8. d4 Bg4 9. Rd1 cxd4 10. cxd4 Nd7 11. Be3 Qa5 12. Nc3 Rac8 13. a3 a6 14. Rac1 e6 15. h3 Bxf3 16. Bxf3 Rfd8 17. d5 exd5 18. Nxd5 Qb5 19. Qxb5 axb5 20. Bg4 Ra8 21. Rd2 Nde5 22. Be2 Kf8 23. f4 Nd7 24. Bxb5 Rdc8 25. Rdc2 Ra5 26. a4 Nc5 27. Bxc6 Rxc6 28. b4 Rxa4 29. bxc5 dxc5 30. Bxc5+ Rxc5 31. Rxc5 Bd4+ 32. Kg2 Bxc5 33. Rxc5 Rxe4 34. Kf3 Rb4 35. Rc7 Rb2 36. Nf6 Rb3+ 37. Kg4 h5+ 38. Kh4 Rb5 39. g4 1-0


[Site "https://www.chess.com"]

[Event "Titled Tuesday Blitz February 14 Early 2023"]
[White "Torres Dominguez, David"]
[Black "Goncalves, Davi Sulzbacher"]
[WhiteFideId "2220857"]
[BlackFideId "2154510"]
[WhiteElo "1994"]
[BlackElo "2282"]
[Result "1-0"]
[Round "04"]
[TimeControl "180+2"]
[Date "2023.02.15"]
[WhiteClock "0:00:30"]
[BlackClock "0:00:05"]

1. e4 c5 2. Nc3 e6 3. f4 d5 4. Nf3 Nf6 5. Bb5+ Bd7 6. Bxd7+ Qxd7 7. Ne5 Qc7 8. d3 Nc6 9. Nxc6 Qxc6 10. Qf3 b5 11. exd5 Nxd5 12. O-O Be7 13. Re1 Rc8 14. Nxd5 Qxd5 15. Qxd5 exd5 16. Re5 Kd7 17. Rxd5+ Bd6 18. c4 Rhe8 19. Kf2 Kc6 20. Bd2 bxc4 21. dxc4 Re4 22. b3 Rce8 23. Re1 Rxe1 24. Bxe1 Bxf4 25. Rh5 h6 26. Kf1 Bg5 27. Rh3 f5 28. Rf3 g6 29. h4 Bf6 30. h5 gxh5 31. Rxf5 Bg5 32. Bf2 Be3 33. Bxe3 Rxe3 34. Rxh5 Re6 35. Kf2 Rf6+ 36. Kg3 Rg6+ 37. Kf3 Rf6+ 38. Kg3 Rg6+ 39. Kh3 Rd6 40. g4 Kb6 41. Kg3 Rd2 42. Rxh6+ Ka5 43. Rc6 Kb4 44. Ra6 Rd7 45. g5 Kc3 46. g6 Kd4 47. Kf4 Kc3 48. Kf5 Kd4 49. Kf6 Kc3 50. g7 Rd8 51. Kf7 Rd1 52. g8=Q Rf1+ 1-0


[Site "https://www.chess.com"]

[Event "Titled Tuesday Blitz February 14 Early 2023"]
[White "Goltseva, Ekaterina"]
[Black "Kiseleva, Arina"]
[WhiteFideId "24173770"]
[BlackFideId "4164989"]
[WhiteElo "2283"]
[BlackElo "1962"]
[Result "1-0"]
[Round "04"]
[TimeControl "180+2"]
[Date "2023.02.15"]
[WhiteClock "0:00:08"]
[BlackClock "0:00:05"]

1. c4 e5 2. g3 c6 3. Bg2 d5 4. cxd5 cxd5 5. d4 e4 6. Nh3 Nf6 7. Nf4 Nc6 8. O-O Bd6 9. Nc3 Bxf4 10. Bxf4 O-O 11. f3 exf3 12. Bxf3 Qb6 13. e3 Be6 14. Bg5 Qxb2 15. Rc1 Ne4 16. Nxe4 dxe4 17. Bxe4 Qxa2 18. d5 f6 19. dxe6 fxg5 20. Rxf8+ Rxf8 21. Bd5 Kh8 22. Bxa2 Nb4 23. Bb3 1-0


[Site "https://www.chess.com"]

[Event "Titled Tuesday Blitz February 14 Early 2023"]
[White "Fernandez Garcia, Gumersindo"]
[Black "Michalski, Olaf"]
[WhiteFideId "24516740"]
[BlackFideId "1106740"]
[WhiteElo "2160"]
[BlackElo "2273"]
[Result "1-0"]
[Round "04"]
[TimeControl "180+2"]
[Date "2023.02.15"]
[WhiteClock "0:01:13"]
[BlackClock "0:00:16"]

1. e4 c5 2. c3 d5 3. exd5 Qxd5 4. d4 e5 5. Nf3 Nc6 6. Be2 e4 7. Nfd2 cxd4 8. cxd4 Qxd4 9. O-O Nf6 10. Nc3 Bb4 11. Nb5 Qe5 12. Nc4 Qe7 13. Ncd6+ Kf8 14. a3 Bxd6 15. Nxd6 Be6 16. Nb5 Rd8 17. Qa4 a6 18. Nc3 Nd4 19. Be3 Bb3 20. Qa5 Nxe2+ 21. Nxe2 Nd5 22. Bc5 1-0


[Site "https://www.chess.com"]

[Event "Titled Tuesday Blitz February 14 Early 2023"]
[White "Martic, Ivan"]
[Black "Bongo Akanga Ndjila, Barthelemy"]
[WhiteFideId "929301"]
[BlackFideId "10609431"]
[WhiteElo "2301"]
[BlackElo "1824"]
[Result "1-0"]
[Round "04"]
[TimeControl "180+2"]
[Date "2023.02.15"]
[WhiteClock "0:01:02"]
[BlackClock "0:00:37"]

1. e4 e5 2. Nf3 Nc6 3. Bc4 Nf6 4. d3 Bc5 5. O-O h6 6. c3 Bb6 7. Bb3 O-O 8. Nbd2 d6 9. Nc4 Bc5 10. h3 a6 11. a4 Be6 12. a5 Qe7 13. Ne3 Bxb3 14. Qxb3 Nh5 15. Nf5 Qe8 16. Qxb7 Ne7 17. N3h4 Ra7 18. Qb3 Nxf5 19. Nxf5 Ra8 20. Be3 Bxe3 21. Nxe3 Nf4 22. Qc4 c5 23. Kh2 Kh7 24. g3 Ne6 25. Nd5 f5 26. exf5 Rxf5 27. Qe4 Qg6 28. Ne7 Rxf2+ 29. Rxf2 Qxe4 30. dxe4 Ra7 31. Nd5 Ng5 32. Re1 Rb7 33. b4 cxb4 34. cxb4 Rb8 35. h4 Ne6 36. Rf7 Nd4 37. Ref1 Rc8 38. Rc7 Rg8 39. Nf6+ 1-0


[Site "https://www.chess.com"]

[Event "Titled Tuesday Blitz February 14 Early 2023"]
[White "Sailer, Mike"]
[Black "Fernandez, Michael"]
[WhiteFideId "2012901"]
[BlackFideId "5803560"]
[WhiteElo "2109"]
[BlackElo "2181"]
[Result "0-1"]
[Round "04"]
[TimeControl "180+2"]
[Date "2023.02.15"]
[WhiteClock "0:00:35"]
[BlackClock "0:00:51"]

1. d4 d5 2. Bg5 h6 3. Bh4 g5 4. Bg3 Bg7 5. e3 c5 6. c3 cxd4 7. exd4 Nc6 8. Bd3 Nf6 9. Nf3 Bg4 10. O-O h5 11. Nbd2 h4 12. Be5 h3 13. g3 Nxe5 14. dxe5 Nd7 15. Qa4 Bxf3 16. Nxf3 e6 17. Bb5 g4 18. Nd4 a6 19. Bxd7+ Qxd7 20. Qxd7+ Kxd7 21. Rfe1 b5 22. f4 Rhc8 23. Rad1 Rab8 24. a3 a5 25. f5 b4 26. cxb4 axb4 27. fxe6+ fxe6 28. a4 Rc4 0-1


[Site "https://www.chess.com"]

[Event "Titled Tuesday Blitz February 14 Early 2023"]
[White "Delorme, Alban"]
[Black "Buchenau, Frank"]
[WhiteFideId "623636"]
[BlackFideId "4604350"]
[WhiteElo "2298"]
[BlackElo "2222"]
[Result "0-1"]
[Round "04"]
[TimeControl "180+2"]
[Date "2023.02.15"]
[WhiteClock "0:00:01"]
[BlackClock "0:00:27"]

1. e4 e6 2. d4 d5 3. Nc3 Nf6 4. e5 Nfd7 5. f4 c5 6. Nf3 Nc6 7. Be3 a6 8. a3 b5 9. dxc5 Bxc5 10. Bxc5 Nxc5 11. b4 Nd7 12. Ne2 Qb6 13. Ned4 O-O 14. Bd3 Nxd4 15. Nxd4 f6 16. exf6 Nxf6 17. c3 e5 18. fxe5 Ng4 19. h3 Qh6 20. Qd2 Qh4+ 21. Kd1 Nf2+ 22. Kc2 Nxh1 23. Rxh1 Rf2 24. Ne2 Bg4 25. Qe3 Bxe2 26. Bxe2 Rc8 27. e6 d4 28. Qe5 Rxc3+ 29. Kb2 Re3 30. Qd6 Rfxe2+ 31. Ka1 Re1+ 32. Rxe1 Qxe1+ 33. Ka2 Qd2+ 34. Kb1 Re1# 0-1


[Site "https://www.chess.com"]

[Event "Titled Tuesday Blitz February 14 Early 2023"]
[White "Ricaurte Lopez, Juan Carlos"]
[Black "Zacurdajev, Dmitry"]
[WhiteFideId "3600327"]
[BlackFideId "4196309"]
[WhiteElo "2226"]
[BlackElo "2273"]
[Result "0-1"]
[Round "04"]
[TimeControl "180+2"]
[Date "2023.02.15"]
[WhiteClock "0:00:02"]
[BlackClock "0:01:20"]

1. e4 c6 2. d4 d5 3. exd5 cxd5 4. c4 Nf6 5. Nc3 g6 6. Bg5 Bg7 7. Bxf6 Bxf6 8. cxd5 O-O 9. h4 Qb6 10. Qd2 Qxd4 11. h5 Qxd2+ 12. Kxd2 Rd8 13. hxg6 hxg6 14. Bc4 Nc6 15. Nge2 Na5 16. Bd3 b6 17. b4 Nc6 18. Rac1 Nxb4 19. Bc4 Bb7 20. Ke3 Nxd5+ 21. Nxd5 Bxd5 22. Nf4 Bg5 23. Bxd5 Rxd5 24. Ke4 Rf5 25. Nd5 Rd8 0-1


[Site "https://www.chess.com"]

[Event "Titled Tuesday Blitz February 14 Early 2023"]
[White "Mujumdar, Sameer"]
[Black "Baruch, Liam"]
[WhiteFideId "2029707"]
[BlackFideId "14322064"]
[WhiteElo "1992"]
[BlackElo "1718"]
[Result "1-0"]
[Round "04"]
[TimeControl "180+2"]
[Date "2023.02.15"]
[WhiteClock "0:00:33"]
[BlackClock "0:00:15"]

1. e4 e5 2. Nf3 Nc6 3. Bb5 a6 4. Ba4 Nf6 5. O-O b5 6. Bb3 Bc5 7. d3 d6 8. Be3 Bxe3 9. fxe3 Na5 10. Nc3 Nxb3 11. axb3 O-O 12. Qe1 Bd7 13. h3 Ne8 14. g4 g6 15. Qg3 Ng7 16. Rf2 Kh8 17. Raf1 f5 18. exf5 gxf5 19. g5 f4 20. exf4 exf4 21. Qh2 Ne6 22. Ne4 Bc6 23. h4 Bxe4 24. dxe4 Qd7 25. Qh3 Rad8 26. Rd2 Nc5 27. Qxd7 Nxd7 28. Nd4 Rde8 29. Re2 Nc5 30. Kg2 Rxe4 31. Rxe4 Nxe4 32. Ne6 Re8 33. Nxc7 Rc8 34. Rxf4 Rxc7 35. Rxe4 Rxc2+ 36. Kg3 Rxb2 37. b4 Kg7 38. Rd4 Rb3+ 39. Kg4 d5 40. h5 Rc3 41. Rxd5 Rc4+ 42. Kf5 Rxb4 43. Rd7+ Kf8 44. Rxh7 a5 45. Ra7 a4 46. g6 Rb1 47. h6 Rf1+ 48. Ke5 Re1+ 49. Kd4 Rh1 50. g7+ Kg8 51. Ra8+ Kh7 52. Rh8+ Kg6 53. g8=Q+ Kh5 54. Qd5+ 1-0


[Site "https://www.chess.com"]

[Event "Titled Tuesday Blitz February 14 Early 2023"]
[White "Mirzanurov, Bulat"]
[Black "Davalos Prieto, Abel Justo"]
[WhiteFideId "4184521"]
[BlackFideId "5102766"]
[WhiteElo "2232"]
[BlackElo "2029"]
[Result "0-1"]
[Round "04"]
[TimeControl "180+2"]
[Date "2023.02.15"]
[WhiteClock "0:00:23"]
[BlackClock "0:00:47"]

1. e4 Nf6 2. e5 Nd5 3. d4 d6 4. c4 Nb6 5. f4 dxe5 6. fxe5 Nc6 7. Be3 Bf5 8. Nc3 e6 9. Nf3 Qd7 10. Be2 O-O-O 11. a4 Bb4 12. O-O Bg4 13. Qb3 a5 14. Nb5 f6 15. Rad1 Qe7 16. exf6 gxf6 17. Bf2 Rhg8 18. d5 exd5 19. cxd5 Qxe2 20. dxc6 Bxf3 21. g3 Qxd1 22. Rxd1 Rxd1+ 23. Be1 Rxe1+ 24. Kf2 Rge8 25. g4 Bxc6 0-1


[Site "https://www.chess.com"]

[Event "Titled Tuesday Blitz February 14 Early 2023"]
[White "Babikov, Ivan"]
[Black "Mohammadian, Mohammad"]
[WhiteFideId "4161106"]
[BlackFideId "12566055"]
[WhiteElo "2239"]
[BlackElo "1398"]
[Result "1-0"]
[Round "04"]
[TimeControl "180+2"]
[Date "2023.02.15"]
[WhiteClock "0:01:22"]
[BlackClock "0:00:10"]

1. Nf3 Nf6 2. g3 g6 3. Bg2 Bg7 4. O-O O-O 5. d4 d5 6. c4 c6 7. cxd5 cxd5 8. Ne5 Nc6 9. Nxc6 bxc6 10. Nc3 Ba6 11. Bf4 Nd7 12. Rc1 e5 13. dxe5 Nxe5 14. b3 Rc8 15. Na4 Nd7 16. Bd6 Re8 17. Re1 Qf6 18. Bc5 Nxc5 19. Nxc5 Qb2 20. Nxa6 Qxa2 21. Nb4 Qa5 22. Nxc6 Qa6 23. Bxd5 Bf8 24. Qd3 Qb6 25. Qf3 Rc7 26. Rc4 Kg7 27. Qc3+ 1-0


[Site "https://www.chess.com"]

[Event "Titled Tuesday Blitz February 14 Early 2023"]
[White "Vargas, Mauricio"]
[Black "Bas Mas, Jose Joaquin"]
[WhiteFideId "4404572"]
[BlackFideId "22219064"]
[WhiteElo "2035"]
[BlackElo "2197"]
[Result "0-1"]
[Round "04"]
[TimeControl "180+2"]
[Date "2023.02.15"]
[WhiteClock "0:00:22"]
[BlackClock "0:01:14"]

1. e4 c5 2. Nc3 Nc6 3. f4 g6 4. Nf3 Bg7 5. Bb5 Nd4 6. Bf1 d6 7. d3 Bg4 8. Be2 Nxe2 9. Qxe2 Nf6 10. e5 dxe5 11. fxe5 Nd5 12. O-O e6 13. Bg5 Nxc3 14. bxc3 Qxg5 15. Nxg5 Bxe2 16. Rf2 Bh5 17. h3 Bxe5 18. g4 Bxc3 19. Raf1 Bd4 20. gxh5 gxh5 21. Nxf7 Rf8 22. Kh2 Bxf2 23. Nd6+ Kd7 24. Nxb7 Bg3+ 25. Kg2 Rxf1 26. Nxc5+ Ke7 27. Kxf1 Be5 28. h4 Rc8 29. Ne4 Rxc2 30. a4 Ra2 31. Nc3 Bxc3 0-1


[Site "https://www.chess.com"]

[Event "Titled Tuesday Blitz February 14 Early 2023"]
[White "Abdilkhair, Abilmansur"]
[Black "Schut, Han"]
[WhiteFideId "13716417"]
[BlackFideId "1005561"]
[WhiteElo "2268"]
[BlackElo "2101"]
[Result "1-0"]
[Round "04"]
[TimeControl "180+2"]
[Date "2023.02.15"]
[WhiteClock "0:02:27"]
[BlackClock "0:02:04"]

1. d4 Nf6 2. c4 g6 3. Nc3 d5 4. cxd5 Nxd5 5. e4 Nxc3 6. bxc3 Bg7 7. Nf3 c5 8. Rb1 Nc6 9. d5 Ne5 10. Nxe5 Bxe5 11. Qd2 O-O 12. f4 Bc7 13. Be2 e6 14. O-O exd5 15. exd5 Bf5 16. Rxb7 Bb6 17. d6 c4+ 18. Kh1 Be4 19. Re7 Bc5 20. Rxe4 1-0


[Site "https://www.chess.com"]

[Event "Titled Tuesday Blitz February 14 Early 2023"]
[White "Prudnykova, Olga"]
[Black "Gatterer, Florian"]
[WhiteFideId "14121093"]
[BlackFideId "811688"]
[WhiteElo "2268"]
[BlackElo "2170"]
[Result "0-1"]
[Round "04"]
[TimeControl "180+2"]
[Date "2023.02.15"]
[WhiteClock "0:00:46"]
[BlackClock "0:00:54"]

1. e4 c6 2. d4 d5 3. exd5 cxd5 4. c4 Nf6 5. Nc3 Nc6 6. Nf3 a6 7. Bg5 Ne4 8. Nxd5 Nxg5 9. Nxg5 e6 10. Nxf7 Kxf7 11. Qh5+ Kg8 12. Nc3 Qxd4 13. Rd1 Qe5+ 14. Qxe5 Nxe5 15. Be2 Be7 16. f4 Nc6 17. Bf3 g6 18. O-O Kf7 19. Rfe1 Rd8 20. Rxd8 Bxd8 21. Rd1 Be7 22. Ne4 Rb8 23. c5 e5 24. Nd6+ Bxd6 25. cxd6 Bd7 26. Bd5+ Kf6 27. fxe5+ Kxe5 28. Bb3 Rf8 29. h3 Rf4 30. Rd5+ Kf6 0-1


[Site "https://www.chess.com"]

[Event "Titled Tuesday Blitz February 14 Early 2023"]
[White "Alahakoon, Isuru"]
[Black "Kubatko, Ivan"]
[WhiteFideId "9900993"]
[BlackFideId "24111473"]
[WhiteElo "1819"]
[BlackElo "2257"]
[Result "1-0"]
[Round "04"]
[TimeControl "180+2"]
[Date "2023.02.15"]
[WhiteClock "0:00:11"]
[BlackClock "0:00:01"]

1. Nf3 d5 2. e3 c5 3. b3 Nf6 4. Bb2 a6 5. c4 e6 6. Nc3 d4 7. exd4 cxd4 8. Ne2 e5 9. Nxe5 Bc5 10. Nf4 O-O 11. Nfd3 Ba7 12. Be2 Bf5 13. O-O Nc6 14. Nxc6 bxc6 15. Nb4 c5 16. Nd3 Re8 17. Nf4 Bb8 18. Nd5 Nxd5 19. cxd5 Qxd5 20. Bf3 Be4 21. Bxe4 Rxe4 22. Qf3 Re5 23. Qxd5 Rxd5 24. Rfe1 Bd6 25. d3 Kf8 26. Rac1 Re8 27. Rxe8+ Kxe8 28. Kf1 Kd7 29. g3 h5 30. Ke2 Kc6 31. f4 f5 32. Kf3 g6 33. Rc2 Kd7 34. Ba3 Be7 35. Rc4 Kc6 36. Ke2 Kb5 37. Bb2 Rd7 38. a4+ Kb6 39. Ba3 Bd6 40. Kf2 Re7 41. Bc1 a5 42. Bd2 Ka6 43. Rc2 Kb6 44. Rc1 Bc7 45. Kf3 Kc6 46. Rc2 Kd5 47. Rc4 Bb6 48. Rc2 Re6 49. Rc1 Re8 50. h3 Re6 51. g4 hxg4+ 52. hxg4 Bc7 53. gxf5 gxf5 54. Rg1 Rb6 55. Rg5 Rxb3 56. Rxf5+ Kc6 57. Ke2 Ra3 58. Rf6+ Kd7 59. Rf7+ Kc6 60. f5 Rxa4 61. f6 Ra2 62. Rxc7+ Kxc7 63. f7 c4 64. f8=Q c3 65. Qc5+ Kb8 66. Qd6+ Ka7 67. Qc7+ Ka6 68. Qd6+ Ka7 69. Qxd4+ Kb8 70. Qxc3 1-0


[Site "https://www.chess.com"]

[Event "Titled Tuesday Blitz February 14 Early 2023"]
[White "Llanos, Guillermo"]
[Black "Zaichenko, Daria"]
[WhiteFideId "100358"]
[BlackFideId "4197453"]
[WhiteElo "2290"]
[BlackElo "2104"]
[Result "1-0"]
[Round "04"]
[TimeControl "180+2"]
[Date "2023.02.15"]
[WhiteClock "0:00:41"]
[BlackClock "0:01:14"]

1. Nf3 Nf6 2. c4 e6 3. g3 d5 4. b3 Be7 5. Bg2 O-O 6. O-O c5 7. cxd5 exd5 8. d4 Nc6 9. Bb2 Bf5 10. Nc3 h6 11. Rc1 Rc8 12. dxc5 Bxc5 13. Na4 Be7 14. Nd4 Bg6 15. Nc5 Qb6 16. Nxc6 bxc6 17. Bd4 Qc7 18. f3 Rfe8 19. e3 Nd7 20. Bh3 Nxc5 21. Bxc5 Bxc5 22. Rxc5 Rcd8 23. Qd4 Qb6 24. Rfc1 Rd6 25. Kf2 Qa6 26. a4 Qb6 27. b4 Rb8 28. b5 f5 29. Rxc6 Rxc6 30. Rxc6 Qa5 31. Rxg6 Rc8 32. Qxg7# 1-0


[Site "https://www.chess.com"]

[Event "Titled Tuesday Blitz February 14 Early 2023"]
[White "Prieto Aranguren, Alain"]
[Black "Afanasieva, Alexandra"]
[WhiteFideId "2268906"]
[BlackFideId "34126926"]
[WhiteElo "2258"]
[BlackElo "1857"]
[Result "1-0"]
[Round "04"]
[TimeControl "180+2"]
[Date "2023.02.15"]
[WhiteClock "0:00:49"]
[BlackClock "0:00:03"]

1. e4 c5 2. b3 Nf6 3. e5 Nd5 4. Nc3 Nxc3 5. dxc3 Nc6 6. Qe2 d6 7. exd6 Qxd6 8. Nf3 Bg4 9. Be3 O-O-O 10. Rd1 Qxd1+ 11. Qxd1 Rxd1+ 12. Kxd1 e6 13. Be2 Be7 14. Kc1 Rd8 15. Rd1 Rxd1+ 16. Kxd1 Kc7 17. Kd2 e5 18. h3 Bf5 19. Ng5 f6 20. Nf3 g5 21. Nh2 Bg6 22. g4 Bd6 23. Nf1 e4 24. Ng3 Bf4 25. Bc4 Ne5 26. Bd5 Nf3+ 27. Ke2 Bxg3 28. fxg3 b6 29. c4 Kd6 30. c3 Ne5 31. b4 h5 32. gxh5 Bxh5+ 33. Kd2 Bg6 34. a4 Bf7 35. Bxf7 Nxf7 36. h4 Ne5 37. h5 Nxc4+ 38. Ke2 Ke6 39. bxc5 bxc5 40. Bxc5 g4 41. Bxa7 f5 42. Be3 Kf6 43. Bf4 Ke6 44. h6 Kf6 45. Kd1 Kg6 46. Kc2 Na5 47. Bc7 Nc6 48. a5 Kxh6 49. a6 Kg5 50. Bb8 Nxb8 51. a7 Nc6 52. a8=Q Ne5 53. Qg8+ Ng6 54. c4 e3 55. Kd3 f4 56. gxf4+ Kxf4 57. Qxg6 1-0


[Site "https://www.chess.com"]

[Event "Titled Tuesday Blitz February 14 Early 2023"]
[White "Alice, Mateus Felizardo Viageiro"]
[Black "Willathgamuwa, Kevin"]
[WhiteFideId "14800047"]
[BlackFideId "3214168"]
[WhiteElo "2202"]
[BlackElo "2062"]
[Result "1-0"]
[Round "04"]
[TimeControl "180+2"]
[Date "2023.02.15"]
[WhiteClock "0:01:01"]
[BlackClock "0:00:13"]

1. e4 e6 2. Qe2 d5 3. exd5 Qxd5 4. Nc3 Qa5 5. d4 Nf6 6. Nf3 c6 7. Bd2 Be7 8. O-O-O Nbd7 9. Kb1 Qc7 10. h3 b6 11. g4 Bb7 12. Bg2 c5 13. Nb5 Qb8 14. g5 Ne4 15. Be3 a6 16. Na3 cxd4 17. Bxd4 Bxa3 18. bxa3 O-O 19. h4 Ndc5 20. h5 Na4 21. Qe3 Qc7 22. g6 Nec3+ 23. Ka1 Qc4 24. gxh7+ Kxh7 25. Qd3+ Qxd3 26. Rxd3 Rac8 27. Ng5+ Kg8 28. Bxb7 Rc7 29. Bxa6 Ne2 30. h6 Nxd4 31. h7+ Kh8 32. Rxd4 Nc5 33. Bd3 f6 34. Ne4 e5 35. Rd6 Na4 36. Bb5 Nc3 37. Nxc3 Rxc3 38. Kb2 Rfc8 39. Bd3 f5 40. Bxf5 Rxc2+ 41. Bxc2 e4 42. Bxe4 g6 43. Rxg6 Rc2+ 44. Bxc2 b5 45. Rg8# 1-0


[Site "https://www.chess.com"]

[Event "Titled Tuesday Blitz February 14 Early 2023"]
[White "Ciuffoletti, Paolo"]
[Black "Liu, Casper"]
[WhiteFideId "807630"]
[BlackFideId "1454153"]
[WhiteElo "2106"]
[BlackElo "2278"]
[Result "0-1"]
[Round "04"]
[TimeControl "180+2"]
[Date "2023.02.15"]
[WhiteClock "0:00:08"]
[BlackClock "0:01:24"]

1. e4 c5 2. d4 cxd4 3. c3 dxc3 4. Nxc3 e6 5. Nf3 Bc5 6. Bc4 Ne7 7. e5 Nbc6 8. O-O O-O 9. Ne4 Bb6 10. Bg5 Qc7 11. Re1 Ng6 12. Nd6 Bc5 13. Nb5 Qb6 14. Qe2 a6 15. Nc3 Ncxe5 16. Nxe5 Nxe5 17. Qxe5 Bxf2+ 18. Kh1 Bxe1 19. Qxe1 Qc5 20. Qh4 b5 21. Bd3 f5 22. Be7 Qc6 23. Bxf8 Bb7 24. Qg3 Rxf8 25. Rf1 f4 26. Qf2 Kh8 27. Be4 d5 28. Bf3 b4 29. Ne2 e5 30. Rc1 Qg6 31. Qc5 Qf7 32. Bh5 g6 33. Bg4 h5 34. Bh3 f3 35. Ng1 f2 36. Nf3 e4 37. Be6 Qf6 38. Nd2 d4 39. Bh3 f1=Q+ 0-1


[Site "https://www.chess.com"]

[Event "Titled Tuesday Blitz February 14 Early 2023"]
[White "Wilson, Elvin"]
[Black "De Souza, Cristiano Gomes"]
[WhiteFideId "2014874"]
[BlackFideId "2151758"]
[WhiteElo "2183"]
[BlackElo "2018"]
[Result "0-1"]
[Round "04"]
[TimeControl "180+2"]
[Date "2023.02.15"]
[WhiteClock "0:00:02"]
[BlackClock "0:01:27"]

1. c4 Nf6 2. g3 g6 3. Bg2 Bg7 4. Nc3 O-O 5. e4 d6 6. Nge2 Nc6 7. O-O e5 8. d3 Nd7 9. Be3 Nc5 10. f4 Ne6 11. f5 Ned4 12. g4 Nxe2+ 13. Nxe2 Nd4 14. Ng3 c5 15. g5 f6 16. h4 Bd7 17. h5 fxg5 18. hxg6 hxg6 19. fxg6 g4 20. Nf5 Bxf5 21. exf5 Qh4 22. Rf2 g3 23. Bd5+ Kh8 24. Rg2 Nxf5 25. Qe2 e4 26. dxe4 Nxe3 0-1


[Site "https://www.chess.com"]

[Event "Titled Tuesday Blitz February 14 Early 2023"]
[White "Floresvillar Gonzalez, Luis Migu"]
[Black "Hoffmann, Asa"]
[WhiteFideId "5100542"]
[BlackFideId "2001470"]
[WhiteElo "2043"]
[BlackElo "2185"]
[Result "0-1"]
[Round "04"]
[TimeControl "180+2"]
[Date "2023.02.15"]
[WhiteClock "0:00:02"]
[BlackClock "0:00:07"]

1. d4 Nf6 2. Bg5 e6 3. c3 Be7 4. Nd2 b6 5. e4 Bb7 6. e5 Nd5 7. Bxe7 Qxe7 8. Ngf3 d6 9. Be2 Nf4 10. Bb5+ Nd7 11. g3 Ng6 12. exd6 cxd6 13. O-O O-O 14. Re1 Rac8 15. h4 h6 16. h5 Nh8 17. Ba4 Nf6 18. Nh4 Nd5 19. Bc2 Nf6 20. Qe2 Rfe8 21. f4 Qc7 22. Kh2 Qc6 23. Ne4 Nxe4 24. Bxe4 Qxe4 25. Qxe4 Bxe4 26. Rxe4 f6 27. Rae1 Kf7 28. g4 b5 29. a3 a5 30. Kg3 b4 31. axb4 axb4 32. R4e3 bxc3 33. bxc3 Rc7 34. Nf5 Rd7 35. c4 g6 36. hxg6+ Nxg6 37. Nxh6+ Kg7 38. Nf5+ Kf7 39. Nh4 Nxh4 40. Kxh4 Rc7 41. Rc3 Rec8 42. Rec1 Kg6 43. Kg3 Rh7 44. c5 dxc5 45. Rxc5 Rch8 46. Kf3 Rh3+ 47. Ke4 f5+ 48. gxf5+ exf5+ 49. Rxf5 Re3+ 50. Kxe3 Kxf5 51. Rc5+ Kf6 52. Re5 Rh1 53. d5 Rd1 54. Ke4 Re1+ 55. Kd4 Rd1+ 56. Kc5 Rf1 57. Re4 Kf5 58. Rc4 Rd1 59. d6 Ke6 60. Re4+ Kd7 61. Re7+ Kd8 62. f5 Rf1 63. Re5 Kd7 0-1


[Site "https://www.chess.com"]

[Event "Titled Tuesday Blitz February 14 Early 2023"]
[White "Jimenez, Joaquin"]
[Black "Hartikainen, Jarmo"]
[WhiteFideId "109860"]
[BlackFideId "503134"]
[WhiteElo "2195"]
[BlackElo "2108"]
[Result "1-0"]
[Round "04"]
[TimeControl "180+2"]
[Date "2023.02.15"]
[WhiteClock "0:00:50"]
[BlackClock "0:00:06"]

1. e4 c5 2. Nf3 e6 3. d4 cxd4 4. Nxd4 Nf6 5. Nc3 d6 6. g4 d5 7. exd5 Nxd5 8. Nxd5 Qxd5 9. Rg1 Nc6 10. Be3 Bc5 11. Bg2 Qe5 12. Nxc6 bxc6 13. Bxc6+ Ke7 14. Qe2 Ba6 15. Bxc5+ Qxc5 16. Qxa6 Qe5+ 17. Kf1 Qxb2 18. Qb7+ Qxb7 19. Bxb7 Rab8 20. Be4 g6 21. Bd3 Rhd8 22. Ke2 f5 23. gxf5 exf5 24. Rab1 Kf6 25. Rxb8 Rxb8 26. Kd2 Rb2 27. Ra1 g5 28. a4 a5 29. Bc4 Rb6 30. Kc3 h5 31. Rd1 g4 32. Rd5 h4 33. Bd3 Rc6+ 34. Kd2 f4 35. Rf5+ Ke6 36. Rxf4 1-0


[Site "https://www.chess.com"]

[Event "Titled Tuesday Blitz February 14 Early 2023"]
[White "Ruge, Edison"]
[Black "Balint, Vilmos"]
[WhiteFideId "4401000"]
[BlackFideId "718050"]
[WhiteElo "2201"]
[BlackElo "2169"]
[Result "1-0"]
[Round "04"]
[TimeControl "180+2"]
[Date "2023.02.15"]
[WhiteClock "0:00:33"]
[BlackClock "0:02:00"]

1. e4 e6 2. d3 d5 3. Nd2 Nf6 4. Ngf3 c5 5. g3 Nc6 6. Bg2 b6 7. O-O Bb7 8. e5 Nd7 9. Re1 Qc7 10. Qe2 Be7 11. h4 h6 12. h5 g6 13. hxg6 fxg6 14. Bh3 Nf8 15. c3 O-O-O 16. a4 a5 17. d4 g5 18. dxc5 Bxc5 19. Nb3 Be7 20. Nbd4 Nxd4 21. cxd4 Kb8 22. Be3 Qc4 23. Qd1 Ba6 24. Bf1 Qc8 25. Rc1 Qb7 26. Bxa6 Qxa6 27. Rc6 Rc8 28. Qc2 Rxc6 29. Qxc6 Qb7 30. Qe8+ Qc8 31. Qxe7 1-0


[Site "https://www.chess.com"]

[Event "Titled Tuesday Blitz February 14 Early 2023"]
[White "Jesusesmifuerza"]
[Black "Fajdetic, Hrvoje"]
[BlackFideId "14501945"]
[WhiteElo "2006"]
[BlackElo "2151"]
[Result "0-1"]
[Round "04"]
[TimeControl "180+2"]
[Date "2023.02.15"]
[WhiteClock "0:00:03"]
[BlackClock "0:00:11"]

1. d4 Nf6 2. Nc3 d5 3. Bf4 c6 4. f3 Bf5 5. g4 Bg6 6. h4 h5 7. g5 Nfd7 8. e4 e6 9. exd5 exd5 10. Qe2+ Qe7 11. O-O-O Qxe2 12. Ngxe2 Na6 13. Bg3 Nb4 14. Rd2 Nb6 15. Nf4 Bxc2 16. Rxc2 Nxc2 17. Kxc2 Bd6 18. Nxh5 Bxg3 19. Nxg3 g6 20. Bd3 O-O-O 21. h5 gxh5 22. Rxh5 Rxh5 23. Nxh5 Rh8 24. Nf6 Rh2+ 25. Ne2 Nc4 26. Bxc4 dxc4 27. Kd2 b5 28. f4 b4 29. Ke3 a5 30. f5 Rg2 31. Ne4 Kc7 32. N4g3 Kd6 33. Kf3 Rh2 34. g6 fxg6 35. fxg6 Rh8 36. g7 Rg8 37. Nf4 a4 38. Ne4+ Ke7 39. Nc5 Rxg7 40. Nxa4 Kd6 41. Ke4 Ra7 42. b3 c3 43. Kd3 Rf7 44. Ke3 Re7+ 45. Kd3 Rf7 46. Ke3 Rh7 47. Nd3 Rh2 48. Nxb4 c2 49. Nxc2 Rxc2 50. a3 Ra2 51. Nc3 Rxa3 52. Ne4+ Ke6 53. Nd2 Kd5 54. Kd3 Ra1 55. Kc3 Rh1 56. Nc4 Rh3+ 57. Kb4 Kxd4 58. Nb6 c5+ 59. Kb5 Rxb3+ 60. Kc6 Rxb6+ 61. Kxb6 c4 0-1


[Site "https://www.chess.com"]

[Event "Titled Tuesday Blitz February 14 Early 2023"]
[White "Escalona Landi, Samid Eduardo"]
[Black "Kuchava, Ana"]
[WhiteFideId "3937437"]
[BlackFideId "13605348"]
[WhiteElo "2218"]
[BlackElo "2101"]
[Result "1-0"]
[Round "04"]
[TimeControl "180+2"]
[Date "2023.02.15"]
[WhiteClock "0:00:35"]
[BlackClock "0:00:03"]

1. e4 c5 2. Nf3 d6 3. d4 cxd4 4. Nxd4 Nf6 5. Nc3 Nc6 6. Bg5 e6 7. Qd2 Qb6 8. Nb3 Be7 9. O-O-O O-O 10. f4 Rd8 11. Bd3 a6 12. Kb1 Qc7 13. g4 b5 14. Bxf6 Bxf6 15. g5 Bxc3 16. Qxc3 Bb7 17. h4 Rac8 18. h5 b4 19. Qd2 a5 20. g6 fxg6 21. hxg6 h6 22. Bc4 Qe7 23. f5 d5 24. exd5 Ne5 25. Be2 Rxd5 26. Qf4 Rxd1+ 27. Rxd1 Qc7 28. Nd4 Nc6 29. Qxc7 Rxc7 30. Nxe6 Rc8 31. Rd7 1-0


[Site "https://www.chess.com"]